Map: White Rabbit LE

Players

Serral

  • Race: Zerg Zerg

herO - Winner!

  • Race: Protoss Protoss

VOD

Have the link to the VOD?

Description

Time

  • Played on: Jan. 16, 2026, 11:14 p.m.
  • Length: 12:30
Show
View Real Time Build Order
Export as new Build Order

Serral Zerg 

Build Orders: Hatch First 

Get SALT Encoding   

  12  0:00  Drone  
  13  0:08  Drone  
  13  0:14  Extractor, Drone  
  15  0:21  Overlord  
  15  0:41  Drone  
  16  0:44  Hatchery  
  16  0:48  Drone  
  16  0:52  Drone  
  16  0:55  Drone  
  18  1:06  Extractor  
  18  1:10  Spawning Pool  
  16  1:13  Drone  
  16  1:16  Drone  
  18  1:26  Drone  
  19  1:37  Drone  
  20  1:47  Drone  
  21  1:57  Queen x2, Zergling x2  
  21  1:59  Overlord  
  26  2:09  Drone  
  26  2:10  Zergling x2, Metabolic Boost  
  28  2:20  Drone x2  
  30  2:31  Drone  
  30  2:32  Queen  
  33  2:42  Hatchery  
  32  2:45  Overlord  
  32  2:48  Drone  
  32  2:50  Drone  
  34  2:51  Drone  
  34  2:56  Overlord  
  35  3:02  Drone  
  36  3:07  Drone x3  
  36  3:08  Drone x2  
  42  3:12  Drone  
  42  3:13  Drone  
  42  3:18  Queen  
  45  3:25  Queen  
  47  3:28  Overlord  
  47  3:31  Zergling x2  
  47  3:32  Zergling x2  
  49  3:34  Zergling x2  
  49  3:40  Zergling x4  
  52  3:43  Overlord  
  52  3:46  Zergling x6  
  52  3:47  Zergling x2  
  56  3:53  Zergling x4  
  56  3:55  Queen  
  60  3:58  Drone  
  60  4:00  Drone  
  62  4:05  Spore Crawler  
  62  4:06  Drone x2  
  62  4:09  Drone x2  
  65  4:14  Overlord  
  65  4:16  Overlord  
  65  4:20  Zergling x6  
  65  4:22  Drone x2  
  67  4:24  Drone  
  67  4:27  Drone  
  67  4:30  Drone  
  66  4:33  Drone  
  66  4:37  Drone  
  67  4:41  Lair  
  67  4:43  Drone x6  
  72  4:46  Drone x2  
  72  4:48  Drone  
  72  4:50  Drone  
  72  4:52  Drone  
  77  4:54  Spore Crawler  
  77  4:55  Drone  
  77  4:58  Drone  
  78  5:03  Hatchery  
  78  5:05  Overlord  
  78  5:06  Drone  
  78  5:08  Drone  
  79  5:16  Drone  
  79  5:17  Drone x5  
  79  5:18  Extractor  
  79  5:19  Extractor  
  83  5:21  Extractor x2, Roach Warren  
  83  5:23  Drone x2  
  83  5:25  Drone x2, Spore Crawler  
  83  5:26  Drone  
  83  5:28  Overlord  
  84  5:32  Drone x2  
  86  5:38  Drone  
  86  5:40  Overseer  
  86  5:41  Hydralisk Den  
  86  5:42  Drone  
  86  5:46  Extractor  
  86  5:47  Evolution Chamber, Drone x2  
  86  5:48  Overlord x2  
  86  5:52  Zergling x6  
  86  5:53  Zergling x2  
  86  5:54  Overlord  
  90  5:58  Drone  
  90  6:04  Zergling x4  
  90  6:17  Drone x4  
  88  6:19  Grooved Spines  
  88  6:21  Hydralisk x3  
  88  6:22  Hydralisk x4  
  88  6:25  Drone x2  
  103  6:27  Drone  
  103  6:28  Drone  
  103  6:29  Zerg Missile Weapons Level 1  
  103  6:30  Overlord  
  103  6:31  Drone  
  103  6:33  Drone  
  103  6:35  Drone  
  103  6:37  Drone x2  
  107  6:40  Overlord  
  107  6:49  Hydralisk x4  
  115  6:55  Hydralisk  
  115  6:56  Hydralisk x2  
  115  6:59  Pneumatized Carapace  
  121  7:02  Overlord  
  121  7:04  Overlord  
  120  7:10  Hydralisk x3  
  120  7:11  Hydralisk, Muscular Augments  
  128  7:16  Overlord  
  128  7:18  Drone x2  
  130  7:23  Overlord  
  130  7:25  Overseer  
  130  7:27  Zergling x8  
  134  7:31  Hydralisk x2  
  134  7:32  Zergling x2  
  139  7:41  Hydralisk x3  
  145  7:47  Overlord, Hydralisk x2  
  149  7:54  Hydralisk x3  
  149  7:55  Zergling x12  
  161  8:05  Hydralisk x3  
  156  8:06  Zergling x6  
  156  8:09  Hydralisk  
  156  8:10  Zergling x8  
  151  8:15  Hydralisk x2  
  151  8:16  Hydralisk  
  149  8:21  Hydralisk  
  149  8:22  Zergling x6  
  154  8:27  Hydralisk  
  154  8:28  Hydralisk x2, Zergling x2  
  154  8:32  Zergling x4  
  160  8:36  Hydralisk x2  
  163  8:45  Hydralisk x2  
  163  8:46  Zergling x2  
  163  8:48  Zergling x12  
  160  8:52  Hydralisk x3  
  149  8:57  Hydralisk x2  
  149  8:59  Zergling x2  
  117  9:04  Hydralisk x2  
  117  9:09  Hydralisk x2  
  115  9:10  Zergling x2  
  115  9:14  Hydralisk  
  109  9:17  Hydralisk  
  109  9:18  Hydralisk  
  109  9:23  Hydralisk x2  
  107  9:24  Zergling x2  
  107  9:30  Hydralisk x2  
  109  9:39  Hydralisk x3  
  109  9:45  Hydralisk x2  
  118  9:51  Hatchery  
  117  9:56  Hydralisk x2  
  117  9:59  Hydralisk  
  121  10:00  Hydralisk  
  121  10:02  Zergling x2  
  126  10:08  Hydralisk x2  
  130  10:17  Hydralisk x4  
  138  10:25  Hydralisk x3  
  144  10:36  Zergling x10  
  144  10:41  Hydralisk  
  151  10:46  Hydralisk  
  151  10:47  Queen  
  153  10:53  Hydralisk  
  153  10:54  Hydralisk  
  151  10:57  Hydralisk  
  151  10:58  Queen  
  140  11:04  Hydralisk x3  
  140  11:08  Hydralisk x2  
  136  11:11  Queen  
  136  11:14  Hydralisk  
  138  11:21  Hydralisk x2  
  138  11:24  Hydralisk  
  133  11:28  Hydralisk  
  125  11:33  Hydralisk  
  125  11:38  Hydralisk x2  
  125  11:43  Hydralisk x2  
  117  11:49  Hydralisk x3  
  117  11:53  Hydralisk x2  
  119  11:56  Hydralisk  
  119  12:00  Hydralisk  
  110  12:04  Hydralisk  
Show
View Real Time Build Order
Export as new Build Order

herO Protoss - Winner!

Build Orders: 1 Gate Expand, Oracle Opening, Archon Immortal 

Get SALT Encoding   

  12  0:00  Probe  
  13  0:12  Probe  
  14  0:17  Pylon  
  14  0:23  Probe  
  15  0:29  Assimilator  
  15  0:31  Probe  
  16  0:39  Probe  
  16  0:45  Gateway  
  17  0:50  Probe  
  18  1:03  Probe  
  19  1:15  Probe  
  20  1:23  Nexus  
  20  1:33  Cybernetics Core  
  20  1:36  Probe  
  21  1:43  Assimilator  
  21  1:48  Probe  
  21  1:51  Pylon  
  22  1:57  Probe, Stalker  
  23  2:05  Probe  
  23  2:14  Probe  
  26  2:18  Stargate  
  26  2:21  Warp Gate  
  27  2:26  Probe  
  28  2:30  Adept  
  28  2:31  Probe  
  31  2:38  Probe  
  31  2:39  Probe  
  33  2:49  Probe  
  33  2:50  Probe  
  34  2:53  Oracle  
  35  3:00  Adept  
  35  3:01  Probe  
  35  3:03  Probe  
  42  3:10  Pylon  
  42  3:16  Gateway, Probe  
  42  3:18  Probe  
  44  3:21  Oracle  
  44  3:28  Probe  
  44  3:30  Probe  
  49  3:43  Nexus  
  49  3:47  Pylon  
  49  3:49  Probe  
  49  3:51  Oracle, Probe  
  54  4:05  Probe x2, Pylon  
  56  4:10  Assimilator  
  56  4:11  Assimilator  
  56  4:15  Adept x2  
  60  4:21  Probe x2  
  60  4:23  Pylon  
  58  4:33  Probe x2  
  58  4:35  Adept  
  58  4:36  Adept  
  65  4:45  Probe x2  
  65  4:47  Twilight Council  
  65  4:48  Forge  
  66  4:53  Probe x2  
  66  4:57  Probe  
  69  5:04  Probe  
  69  5:05  Probe  
  69  5:10  Probe, Shield Battery  
  69  5:13  Protoss Ground Weapons Level 1  
  72  5:15  Gateway x2  
  72  5:16  Probe x2  
  74  5:22  Probe  
  74  5:23  Charge  
  74  5:27  Templar Archives  
  74  5:28  Probe x2  
  76  5:33  Robotics Facility  
  76  5:34  Probe  
  78  5:40  Probe  
  78  5:41  Probe  
  79  5:45  Pylon  
  79  5:46  Probe  
  80  5:52  Gateway  
  80  5:53  Gateway x2  
  80  5:54  Gateway  
  80  5:56  Probe x2  
  82  5:58  Probe  
  82  5:59  Assimilator  
  83  6:06  Psionic Storm, Assimilator  
  83  6:07  Pylon  
  83  6:08  Probe x2  
  83  6:10  Probe  
  86  6:16  Stalker  
  86  6:17  Stalker  
  84  6:20  High Templar, Zealot  
  84  6:22  Probe  
  84  6:24  Pylon  
  84  6:25  Warp Prism  
  87  6:28  Gateway  
  87  6:39  Photon Cannon  
  89  6:46  High Templar x3  
  95  6:52  Zealot x5  
  105  6:56  Phoenix  
  107  7:01  Immortal  
  107  7:08  Pylon  
  111  7:09  Photon Cannon  
  111  7:13  High Templar, Zealot x2  
  117  7:19  Pylon  
  117  7:20  Photon Cannon  
  117  7:22  Photon Cannon  
  117  7:26  High Templar  
  117  7:27  High Templar, Zealot, Pylon  
  117  7:28  Pylon  
  123  7:31  Archon  
  123  7:33  Zealot  
  125  7:39  Immortal  
  129  7:51  Protoss Ground Weapons Level 2, High Templar x2, Zealot  
  129  7:52  Zealot x3  
  129  7:55  Pylon  
  129  7:56  Zealot  
  129  7:57  Pylon, Archon  
  143  8:01  Pylon  
  143  8:07  Zealot  
  143  8:08  Zealot  
  143  8:10  Pylon, Immortal  
  136  8:24  High Templar x2, Zealot x5  
  146  8:33  Archon, Zealot x2  
  148  8:41  Archon, Immortal  
  148  8:47  Zealot x5  
  126  8:55  Zealot x2  
  112  9:03  Archon  
  112  9:04  Zealot x2  
  112  9:07  Blink  
  112  9:08  Zealot x5  
  106  9:19  Zealot  
  106  9:20  Fleet Beacon  
  100  9:29  High Templar x2  
  100  9:30  High Templar x2  
  104  9:35  Immortal  
  96  9:44  High Templar, Zealot x4  
  106  9:50  Nexus  
  106  9:52  Pylon  
  106  10:02  Zealot  
  106  10:06  High Templar x2  
  112  10:07  Zealot x4  
  112  10:09  Observer  
  112  10:10  Photon Cannon  
  112  10:11  Archon  
  121  10:17  High Templar  
  121  10:18  Zealot  
  125  10:27  Zealot  
  125  10:28  Zealot x4  
  129  10:48  Mothership  
  127  11:03  High Templar  
  116  11:04  Zealot x8  
  116  11:07  Tempest  
  130  11:12  Archon  
  128  11:26  High Templar  
  128  11:27  Zealot x5  
  140  11:32  Zealot x2  
  140  11:36  Observer  
  137  11:48  Sentry  
  137  11:49  Sentry, Zealot x4  
  139  11:58  Zealot x2  
  139  11:59  Zealot  
  131  12:10  Zealot x4  
Tags
 
Add a new tag
Caveats
  • Supply blocks, unpowered buildings, or Contaminate may cause inaccurate times.
  • Supply counts are checked every 10 seconds.